Map: Galactic Process LE

Players

True - Winner!

  • Race: Zerg Zerg
  • League: Grandmaster

Kelazhur

  • Race: Terran Terran

Event: Cheesadelphia Summer 2016

VOD

Have the link to the VOD?

Description

Time

  • Played on: July 24, 2016, 6:58 p.m.
  • Length: 10:06

All games in this series

Show
View Real Time Build Order
Export as new Build Order

True Zerg - Winner!

Build Orders: Hatch First, Muta Ling Bane 

Get SALT Encoding   

  12  0:01  Drone  
  13  0:12  Overlord  
  13  0:17  Drone  
  14  0:31  Drone x2  
  14  0:34  Drone  
  17  0:51  Hatchery  
  17  0:55  Drone  
  17  1:09  Spawning Pool  
  17  1:11  Extractor  
  15  1:14  Drone  
  15  1:17  Drone  
  17  1:20  Drone  
  18  1:28  Drone  
  19  1:38  Overlord  
  19  1:56  Queen  
  19  1:57  Zergling x2  
  19  2:00  Zergling x2  
  23  2:02  Queen  
  23  2:03  Zergling x2  
  26  2:11  Metabolic Boost  
  26  2:17  Drone x2  
  28  2:24  Drone  
  28  2:30  Drone  
  28  2:38  Drone x2, Queen  
  28  2:43  Overlord  
  32  2:51  Pneumatized Carapace  
  32  2:56  Drone x2  
  32  2:57  Drone  
  35  3:04  Drone  
  36  3:07  Drone  
  36  3:10  Drone x3  
  40  3:17  Overlord  
  40  3:18  Drone  
  40  3:19  Drone  
  42  3:22  Drone  
  43  3:36  Drone x3  
  46  3:43  Hatchery  
  46  3:44  Drone x2  
  46  3:47  Queen  
  49  3:51  Evolution Chamber  
  49  3:53  Drone  
  49  3:54  Drone  
  51  3:55  Drone  
  51  4:01  Overlord  
  51  4:08  Overlord  
  51  4:13  Overlord  
  51  4:14  Evolution Chamber  
  51  4:15  Drone  
  51  4:18  Zerg Ground Armor Level 1  
  51  4:23  Queen  
  53  4:24  Drone x3  
  53  4:27  Drone x2  
  53  4:30  Drone x2  
  60  4:33  Drone  
  61  4:41  Drone x3  
  61  4:42  Zerg Melee Weapons Level 1  
  61  4:44  Extractor  
  63  4:45  Extractor  
  63  4:46  Drone  
  63  4:53  Overlord  
  63  4:54  Drone x3  
  63  4:55  Drone  
  63  4:59  Drone  
  68  5:07  Overlord  
  68  5:09  Overlord, Lair  
  68  5:18  Drone  
  68  5:19  Drone  
  68  5:20  Drone x7  
  76  5:21  Overlord  
  76  5:29  Drone x2  
  76  5:30  Drone  
  76  5:31  Drone x2, Extractor x2  
  76  5:32  Drone  
  76  5:33  Extractor  
  79  5:36  Baneling Nest  
  79  5:42  Drone x3  
  81  5:45  Overlord  
  81  5:46  Zergling x4  
  81  5:47  Zergling x2  
  81  5:48  Zergling x4  
  86  5:50  Overlord  
  86  5:52  Hatchery  
  86  5:54  Overlord  
  86  5:57  Overlord  
  85  6:00  Overlord  
  85  6:03  Overlord  
  85  6:05  Overlord  
  85  6:09  Overlord  
  85  6:10  Spire  
  84  6:15  Zergling x2  
  84  6:16  Zergling x8  
  84  6:18  Zergling x2  
  90  6:20  Zerg Ground Armor Level 2  
  90  6:21  Centrifical Hooks  
  90  6:33  Zergling x20  
  90  6:34  Zergling x2  
  90  6:36  Zerg Melee Weapons Level 2  
  101  6:42  Overlord  
  101  6:50  Zergling x14  
  101  6:53  Baneling x8, Overlord  
  108  6:55  Zergling x2  
  108  7:00  Zergling x4  
  110  7:01  Zergling x2  
  110  7:03  Zergling x2  
  110  7:05  Zergling x2  
  112  7:09  Zergling x2  
  112  7:12  Zergling x2  
  112  7:13  Zergling x10  
  112  7:14  Zergling x2  
  115  7:17  Overlord, Zergling x2  
  104  7:26  Mutalisk  
  104  7:28  Mutalisk x3  
  104  7:29  Mutalisk  
  110  7:34  Mutalisk  
  110  7:35  Mutalisk x2  
  109  7:39  Mutalisk, Zerg Flyer Weapons Level 1  
  109  7:40  Mutalisk  
  111  7:47  Mutalisk  
  111  7:49  Drone, Queen  
  111  7:50  Drone x2  
  118  7:53  Zergling x4  
  120  8:07  Baneling x4  
  120  8:08  Baneling x8  
  120  8:10  Zergling x2  
  120  8:11  Zergling x20  
  131  8:13  Zergling x2  
  131  8:15  Zergling x4  
  131  8:16  Zergling x4  
  131  8:18  Zergling x2  
  137  8:20  Baneling x9  
  137  8:22  Zergling x2  
  137  8:25  Overlord  
  137  8:26  Zergling x2  
  139  8:31  Mutalisk  
  141  8:38  Mutalisk  
  141  8:39  Zergling x4  
  141  8:40  Zergling x4  
  147  8:42  Zergling x2  
  147  8:43  Zergling x6  
  147  8:44  Zergling x2  
  147  8:47  Zergling x4  
  147  8:48  Zergling x2  
  155  8:49  Zergling x4  
  157  8:55  Zergling x2  
  157  8:56  Zergling x2  
  157  8:57  Zergling x4  
  157  8:58  Overlord x2  
  157  9:00  Baneling x17  
  159  9:05  Overlord  
  159  9:15  Zergling x2  
  159  9:17  Overlord  
  160  9:20  Zergling x22  
  171  9:24  Zergling x2  
  171  9:26  Zergling x4  
  171  9:28  Baneling x4  
  171  9:29  Baneling x11  
  174  9:32  Overlord, Zergling x2  
  174  9:33  Zergling x4  
  174  9:35  Zergling x4  
  175  9:38  Zergling x4  
  175  9:42  Zergling x10  
  175  9:43  Zergling x2  
Show
View Real Time Build Order
Export as new Build Order

Kelazhur Terran 

Build Orders: Reaper Expand, MMM Bio 

Get SALT Encoding   

  12  0:00  SCV  
  13  0:13  SCV  
  14  0:17  Supply Depot  
  14  0:25  SCV  
  15  0:38  SCV  
  15  0:39  Barracks  
  16  0:44  Refinery  
  16  0:50  SCV  
  17  1:02  SCV  
  18  1:15  SCV  
  19  1:26  Reaper  
  19  1:27  Orbital Command  
  20  1:41  Command Center  
  20  1:50  Supply Depot  
  20  1:52  SCV  
  21  1:58  Marine  
  22  2:05  Factory  
  22  2:07  SCV  
  23  2:14  Refinery  
  23  2:16  Marine  
  23  2:20  SCV  
  25  2:32  SCV  
  26  2:40  Marine  
  27  2:47  SCV  
  27  2:50  Factory Tech Lab, Starport  
  28  2:55  Orbital Command  
  28  2:57  Bunker  
  28  2:59  Marine  
  28  3:02  SCV  
  30  3:13  Siege Tank  
  30  3:16  SCV  
  30  3:18  Barracks Reactor  
  34  3:21  SCV  
  35  3:28  SCV  
  35  3:30  Supply Depot  
  35  3:33  SCV  
  37  3:40  SCV  
  38  3:41  Medivac  
  38  3:45  SCV  
  41  3:53  SCV  
  42  3:58  SCV  
  42  4:01  Command Center  
  43  4:05  SCV  
  43  4:08  Supply Depot  
  44  4:10  SCV  
  44  4:12  Factory Reactor  
  44  4:13  Barracks  
  44  4:14  Barracks  
  45  4:17  Stimpack  
  45  4:21  SCV  
  45  4:22  SCV  
  45  4:24  Viking  
  49  4:27  Marine  
  50  4:33  SCV  
  50  4:35  SCV  
  50  4:36  Supply Depot  
  52  4:45  SCV  
  53  4:48  Engineering Bay, SCV  
  53  4:49  Engineering Bay  
  54  4:53  Marine  
  54  4:55  Starport Reactor  
  54  4:57  SCV  
  56  5:00  SCV  
  56  5:02  Marine x2  
  59  5:09  SCV  
  59  5:10  Refinery  
  59  5:11  Refinery  
  59  5:13  SCV  
  61  5:17  Marine x3  
  65  5:23  Terran Infantry Armor Level 1, Terran Infantry Weapons Level 1  
  65  5:24  Supply Depot, Orbital Command  
  65  5:26  Marine x2  
  65  5:28  SCV  
  67  5:32  SCV  
  67  5:34  Medivac, Marine  
  71  5:37  Marine  
  71  5:38  Marine  
  71  5:40  Medivac, SCV  
  76  5:44  SCV  
  77  5:52  SCV  
  77  5:54  SCV  
  77  5:56  Marine  
  77  5:57  Marine x4  
  79  5:59  SCV  
  84  6:04  Armory  
  84  6:05  Barracks, SCV  
  84  6:06  SCV  
  84  6:07  Barracks  
  84  6:11  SCV  
  87  6:16  Marine  
  87  6:17  Marine x2, SCV  
  91  6:20  SCV  
  91  6:21  Bunker, Marine  
  93  6:37  Factory Reactor, Supply Depot, Combat Shields  
  93  6:39  Supply Depot, Marine, SCV x3  
  97  6:40  Supply Depot, Marine x2  
  99  6:51  SCV x2  
  101  6:58  Marine x2  
  101  6:59  Marauder, Supply Depot, SCV  
  100  7:06  Marine  
  100  7:07  Marine x3  
  99  7:08  SCV  
  99  7:09  SCV  
  99  7:15  Medivac x2  
  99  7:16  Marine x2  
  99  7:17  Terran Infantry Weapons Level 2  
  99  7:18  SCV  
  99  7:21  Marine  
  96  7:28  Marine, SCV  
  91  7:30  SCV x2  
  91  7:40  SCV  
  91  7:42  SCV  
  91  7:44  Marine  
  91  7:45  Terran Infantry Armor Level 2  
  91  7:47  Barracks Reactor x2  
  91  7:48  Hellbat x2  
  91  7:50  Marine x4  
  91  7:51  SCV, Factory  
  99  7:55  SCV  
  99  7:58  SCV  
  102  8:01  Marine  
  102  8:02  Missile Turret  
  102  8:04  Missile Turret x2  
  101  8:06  Bunker, SCV  
  101  8:07  Marine, Medivac, SCV  
  101  8:08  Marine  
  101  8:09  Marine  
  101  8:10  Marine, SCV  
  110  8:20  Marine  
  110  8:25  Marine, Hellbat x2  
  116  8:28  Refinery  
  116  8:29  Marine, Marauder  
  115  8:35  Factory Tech Lab  
  115  8:38  Marine  
  114  8:44  Marine x2  
  114  8:51  SCV x2  
  114  8:53  Marine  
  114  8:54  Marine x4  
  117  8:56  Hellbat x2  
  117  8:57  Hellbat  
  117  8:58  Command Center  
  117  8:59  Marine  
  117  9:01  Marauder  
  126  9:03  Supply Depot  
  126  9:06  Supply Depot  
  126  9:09  Supply Depot  
  126  9:11  Supply Depot  
  126  9:12  Marine x4  
  129  9:18  Hellbat x2  
  133  9:24  Marine x4  
  133  9:26  Marauder  
  143  9:42  Marine x7  
  143  9:44  Marine  
Tags
 
Add a new tag
Caveats
  • Supply blocks, unpowered buildings, or Contaminate may cause inaccurate times.
  • Supply counts are checked every 10 seconds.